 Dungeon Crawl Stone Soup version 0.30-b1-2-g02819fbbbe (webtiles) character file.

Game seed: 1183678247586165126

21091 raph the Impaler (level 12, -1/94 HPs)
             Began as a Merfolk Gladiator on May 23, 2023.
             Was an Elder of Makhleb.
             Slain by a six-headed hydra (7 damage)
             ... on level 3 of the Lair of Beasts.
             The game lasted 00:16:07 (13157 turns).

raph the Impaler (Merfolk Gladiator)               Turns: 13157, Time: 00:16:08

Health: -1/94      AC: 20    Str: 15    XL:     12   Next: 86%
Magic:  18/18      EV: 14    Int:  7    God:    Makhleb [****..]
Gold:   607        SH:  0    Dex: 26    Spells: 11/11 levels left

rFire   . . .        b - +3 trident
rCold   . . .        (no shield)
rNeg    . . .        f - +0 chain mail
rPois   +            c - +2 helmet
rElec   .            G - +1 cloak
rCorr   .            z - +1 pair of gloves
SInv    .            C - +1 pair of boots
Will    .....        g - amulet of regeneration Stlth
                     B - +6 ring of dexterity
HPRegen 1.15/turn    t - ring of poison resistance
MPRegen 0.16/turn

%: no passive effects
@: no status effects
A: (nimble swimmer 2), mertail
a: Renounce Religion, Minor Destruction, Lesser Servant of Makhleb, Major
Destruction


You were on level 3 of the Lair of Beasts.
You worshipped Makhleb.
Makhleb was greatly pleased with you.
You visited 3 branches of the dungeon, and saw 14 of its levels.
You also visited: Sewer.

You collected 667 gold pieces.
You spent 60 gold pieces at shops.

Inventory:

Hand Weapons
 a - a +7 halberd
 b - a +3 trident (weapon)
Missiles
 d - 3 throwing nets
 e - a javelin
 u - 18 poisoned darts (quivered)
 v - 6 atropa-tipped darts
 y - 10 datura-tipped darts
 A - 3 boomerangs of dispersal
Armour
 c - a +2 helmet (worn)
 f - a +0 chain mail (worn)
 z - a +1 pair of gloves (worn)
 C - a +1 pair of boots (worn)
 F - a +0 leather armour
 G - a +1 cloak (worn)
Jewellery
 g - an amulet of regeneration (around neck)
 h - a ring of protection from fire
 t - a ring of poison resistance (right hand)
 x - a ring of wizardry
 B - a +6 ring of dexterity (left hand)
 K - an amulet of faith
 M - an amulet of magic regeneration
 O - the ring "Qexud" {rC+ rN+ rCorr}
   (You found it on level 2 of the Lair of Beasts)

   [ring of protection from cold]

   rC:        It protects you from cold.
   rN:        It protects you from negative energy.
   rCorr:     It protects you from acid and corrosion.
Wands
 E - a wand of iceblast (16)
Scrolls
 i - 5 scrolls of immolation
 j - 10 scrolls of teleportation
 l - 3 scrolls of vulnerability
 L - a scroll of amnesia
Potions
 k - 2 potions of curing
 m - 2 potions of ambrosia {unknown}
 n - 2 potions of cancellation {unknown}
 o - a potion of magic {unknown}
 p - 3 potions of haste
 r - 2 potions of berserk rage
 s - 4 potions of flight
 w - 3 potions of brilliance
 D - 2 potions of attraction
 H - 2 potions of lignification
 I - 2 potions of mutation
 J - 2 potions of degeneration {unknown}
 N - 2 potions of heal wounds {unknown}
Miscellaneous
 q - a box of beasts


   Skills:
 + Level 8.9 Fighting
 - Level 16.0 Polearms
 + Level 8.0 Throwing
 + Level 5.8 Armour
 + Level 11.0 Dodging
 + Level 8.4 Invocations


You had 11 spell levels left.
You didn't know any spells.
Your spell library contained the following spells:

 Spells                   Type           Power      Damage    Failure   Level
 Magic Dart               Conj           0%         1d3       99%         1
 Searing Ray              Conj           0%         2d4       100%        2
 Static Discharge         Conj/Air       0%         2-2/arc   100%        2
 Airstrike                Air            0%         2d(0-16)  100%        4
 Fulminant Prism          Conj/Hex       0%         3d5       100%        4
 Summon Lightning Spire   Summ/Air       0%         N/A       100%        4


Dungeon Overview and Level Annotations

Branches:
Dungeon (10/15)            Temple (1/1) D:5            Lair (3/5) D:10
 Spider (0/4) Lair:2        Sewer (visited)
  Swamp: Lair:2-3    Shoals: Lair:2-3       Orc: D:9-12

Altars:
Ashenzari
Cheibriados
Dithmenos
Elyvilon
Fedhas
Gozag
Hepliaklqana
Kikubaaqudgha
Makhleb
Nemelex Xobeh
Okawaru
Qazlal
Ru
Sif Muna
Trog
Uskayaw
Vehumet
Wu Jian
Xom
Yredelemnul
Zin
The Shining One

Shops:
D:7 :   D:10 ?

Annotations:
D:9 Amaemon


Innate Abilities, Weirdness & Mutations

((You are very nimble when in or above water. (Stealth+, EV+, Speed+++)))
Your lower body shifts to a powerful aquatic tail in water.


Message History

You hit the six-headed hydra.
The six-headed hydra is lightly wounded.
The alligator puts on a burst of speed!
The six-headed hydra bites you but does no damage. x4
The six-headed hydra bites you.
The six-headed hydra completely misses you.
You hit the six-headed hydra.
The six-headed hydra is lightly wounded.
You puncture the six-headed hydra!
The six-headed hydra is moderately wounded.
The six-headed hydra barely misses you. The six-headed hydra bites you! x2
The six-headed hydra bites you but does no damage.
The six-headed hydra closely misses you.
The six-headed hydra bites you.
You puncture the six-headed hydra!
The six-headed hydra is moderately wounded.
You hit the six-headed hydra.
The six-headed hydra is heavily wounded.
The six-headed hydra barely misses you.
The six-headed hydra bites you but does no damage.
The six-headed hydra bites you.
* * * LOW HITPOINT WARNING * * *
The six-headed hydra bites you but does no damage. x3
You hit the six-headed hydra.
The six-headed hydra is heavily wounded.
The six-headed hydra bites you.
* * * LOW HITPOINT WARNING * * *
The six-headed hydra bites you but does no damage.
The six-headed hydra closely misses you.
The six-headed hydra bites you.
* * * LOW HITPOINT WARNING * * *
The six-headed hydra completely misses you.
The six-headed hydra bites you but does no damage.
A demon appears!
The six-headed hydra bites you but does no damage. x2
The six-headed hydra bites you!
* * * LOW HITPOINT WARNING * * *
The six-headed hydra bites you but does no damage.
The six-headed hydra bites you!
You die...

#.≈≈≈.# ♣♣..♣♣..♣♣ #.≈≈≈.
♣♣..♣♣♣♣..♣♣ #.≈~≈.
♣♣..♣# ♣♣..♣♣
#♣~≈~♣#♣..♣# ♣♣..♣♣#♣♣♣.♣
#.≈~†....♣♣# ♣♣.........
#♣~≈~♣#..♣♣.t ♣♣.†♣#♣.♣♣♣
#.≈~≈.#♣..♣♣S# ♣♣..♣♣
#.≈≈≈.#♣♣..♣♣D♣♣♣..♣♣
#.≈≈≈.# ♣..♣♣@...♣♣
#.≈≈≈.# ♣..♣♣4.♣♣ #♣.≈.♣#
♣..♣♣♣♣ ♣♣.♣♣ ♣..
####♣.♣#### #####
♣.........♣♣ ##.>.##
.♣♣♣♣.♣♣♣♣..♣#.....#♣♣♣♣.
♣...~...♣♣♣)∩.....∩.....
.♣♣♣♣.♣♣♣♣..♣#.....#♣♣♣♣.


You could see an alligator (swift), a six-headed hydra (ally target), a black
mamba and a friendly orange demon (summoned).

Vanquished Creatures
  Gastronok (Lair:1)
  A hydra (Lair:1)
  2 boulder beetles
  A lindwurm (Lair:3)
  Pikel (D:6)
  A manticore (D:9)
  4 black mambas
  An elephant (Lair:3)
  9 cane toads
  A torpor snail (Lair:1)
  Psyche (D:10)
  2 rime drakes
  A polar bear (Lair:2)
  13 blink frogs
  2 shadows
  19 yaks
  Grum (D:8)
  2 wyverns
  3 basilisks
  4 vampire mosquitoes (D:10)
  3 wargs (D:10)
  A steam dragon (D:8)
  An acid dragon (D:10)
  6 water moccasins
  2 ice beasts (D:6)
  4 sky beasts
  3 wolves (D:8)
  An ogre (D:5)
  3 centaurs
  2 phantoms
  6 bullfrogs
  7 scorpions
  10 wights
  4 killer bees (D:8)
  2 electric eels
  3 hounds
  3 orc priests
  2 jellies (D:6)
  10 orc wizards
  A gnoll bouda (D:5)
  2 iguanas
  6 gnolls
  5 adders
  A white imp (D:6)
  An ufetubus (D:4)
  6 worms
  A dart slug (D:2)
  16 orcs
  5 bats
  9 endoplasms
  19 giant cockroaches
  8 goblins
  14 hobgoblins
  3 jackals (D:5)
  6 quokkas
  12 ball pythons
  7 frilled lizards
  8 kobolds
  5 rats
278 creatures vanquished.

Vanquished Creatures (collateral kills)
  An electric eel (Lair:1)
1 creature vanquished.

Vanquished Creatures (others)
  An endoplasm (D:4)
  A fungus (Lair:1)
  7 plants
9 creatures vanquished.

Grand Total: 288 creatures vanquished

Notes
Turn   | Place    | Note
-------+----------+-------------------------------------------
     0 | D:1      | raph the Merfolk Gladiator began the quest for the Orb.
     0 | D:1      | Reached XP level 1. HP: 16/16 MP: 1/1
   100 | D:1      | Reached skill level 5 in Polearms
   100 | D:1      | Reached XP level 2. HP: 18/22 MP: 2/2
   187 | D:1      | Found a faded altar of an unknown god.
   286 | D:1      | Reached XP level 3. HP: 27/27 MP: 3/3
   591 | D:1      | Reached skill level 6 in Polearms
   651 | D:2      | Identified a scroll of acquirement
   651 | D:2      | Acquired an amulet of regeneration
   670 | D:2      | Reached XP level 4. HP: 33/33 MP: 4/4
  1367 | D:3      | Reached skill level 7 in Polearms
  2148 | D:4      | Reached XP level 5. HP: 37/38 MP: 5/5
  2195 | D:4      | Noticed a phantom
  2209 | D:4      | Killed a phantom
  2210 | D:4      | Reached skill level 8 in Polearms
  2210 | D:4      | Reached XP level 6. HP: 44/44 MP: 6/6
  2317 | D:4      | Noticed a sky beast
  2318 | D:4      | Found a radiant altar of Vehumet.
  2343 | D:4      | Killed a sky beast
  2344 | D:4      | Reached skill level 9 in Polearms
  2790 | D:4      | Identified the +1 short sword of Ypneckib {protect, *Noise
                  | rElec rPois rF+++}
  3029 | D:5      | Entered Level 5 of the Dungeon
  3090 | D:5      | Found a staircase to the Ecumenical Temple.
  3096 | Temple   | Entered the Ecumenical Temple
  3183 | Temple   | Became a worshipper of Makhleb the Destroyer
  3369 | D:5      | Reached skill level 10 in Polearms
  3369 | D:5      | Reached XP level 7. HP: 50/50 MP: 7/7
  3500 | D:5      | Reached skill level 11 in Polearms
  3612 | D:5      | Reached skill level 12 in Polearms
  3612 | D:5      | Reached XP level 8. HP: 54/55 MP: 8/8
  3782 | D:5      | Found a glowing drain.
  3802 | Sewer    | Entered a sewer
  3887 | Sewer    | Reached * piety under Makhleb
  4453 | D:6      | Noticed Pikel
  4473 | D:6      | Killed Pikel
  4474 | D:6      | Reached skill level 14 in Polearms
  4552 | D:6      | Reached skill level 1 in Invocations
  4744 | D:6      | Reached XP level 9. HP: 54/62 MP: 8/10
  4868 | D:6      | Reached skill level 1 in Armour
  6052 | D:5      | Reached skill level 5 in Dodging
  7144 | D:5      | Found a staircase to the Ecumenical Temple.
  7946 | D:7      | Found Vyannoit's Vocational Training.
  8492 | D:7      | Reached ** piety under Makhleb
  8802 | D:8      | Noticed Grum
  8818 | D:8      | Killed Grum
  8840 | D:8      | Reached XP level 10. HP: 44/73 MP: 12/12
  9242 | D:8      | Reached skill level 5 in Fighting
  9254 | D:8      | Reached skill level 15 in Polearms
  9600 | D:9      | Noticed a manticore
  9612 | D:9      | Killed a manticore
  9854 | D:9      | Noticed an orange demon
  9856 | D:9      | Noticed Amaemon
  9912 | D:10     | Entered Level 10 of the Dungeon
 10084 | D:10     | Found Dylun's Magic Scroll Boutique.
 10101 | D:10     | Bought a scroll of identify for 30 gold pieces
 10101 | D:10     | Bought a scroll of identify for 30 gold pieces
 10133 | D:10     | Reached skill level 5 in Throwing
 10179 | D:10     | Reached skill level 5 in Invocations
 10294 | D:10     | Noticed Psyche
 10311 | D:10     | Killed Psyche
 10312 | D:10     | Reached XP level 11. HP: 68/81 MP: 14/14
 10353 | D:10     | Found a staircase to the Lair.
 10453 | D:10     | Reached *** piety under Makhleb
 10463 | D:10     | Reached skill level 16 in Polearms
 10606 | D:10     | Found a hide-covered altar of Uskayaw.
 10655 | Lair:1   | Entered Level 1 of the Lair of Beasts
 11174 | Lair:1   | Noticed a boulder beetle
 11196 | Lair:1   | Killed a boulder beetle
 11258 | Lair:1   | Reached XP level 12. HP: 53/91 MP: 17/17
 11265 | Lair:1   | Noticed a five-headed hydra
 11590 | Lair:1   | Killed a five-headed hydra
 11728 | Lair:1   | Noticed Gastronok
 11753 | Lair:1   | Reached skill level 5 in Armour
 11758 | Lair:1   | Killed Gastronok
 11759 | Lair:1   | Reached skill level 10 in Dodging
 12085 | Lair:2   | Found a hole to the Spider Nest.
 12085 | Lair:2   | Noticed a boulder beetle
 12128 | Lair:2   | Killed a boulder beetle
 12285 | Lair:2   | Reached **** piety under Makhleb
 12348 | Lair:2   | Identified the +3 great sword "Demonbane" {venom, Will+
                  | Str+5 SInv}
 12471 | Lair:2   | Identified the ring "Qexud" {rC+ rN+ rCorr}
 13132 | Lair:3   | Noticed a six-headed hydra
 13142 | Lair:3   | Noticed an alligator
 13157 | Lair:3   | Slain by a six-headed hydra

Illustrated notes

Levels and vault maps discovered:
D:1:      lightli_arrival_chessboard, layout_rooms, basic_ecumenical_altar,
          chequers_arboretum
D:2:      layout_loops_ring
D:3:      layout_loops_ring
D:4:      layout_basic, fiery_altar_vehumet, minmay_misc_feat_diagonals
D:5:      layout_layer_cave, temple_green, cheibrodos_sewer_entry_bend
D:6:      layout_basic, serial_park_tiny_pond, hangedman_decor_slide_cut,
          uniq_pikel
D:7:      layout_loops_ring, nicolae_shop_vocational
D:8:      layout_basic, uniq_grum
D:9:      layout_loops_ring, orc_0_dummy, serial_aquarium,
          aquarium_bridge_straight [aquarium_subvault_bridge,
          aquarium_subvault_window, aquarium_subvault_bridge,
          aquarium_subvault_window], aquarium_window_fake,
          aquarium_window_corridor_1, aquarium_view_2e, aquarium_balcony_3a,
          aquarium_pool_1, hive_lemuel, uniq_joseph, uniq_harold, uniq_amaemon,
          uniq_erica
D:10:     layout_rooms, kennysheep_mini_moat, erik_lair_orcish_takeover,
          serial_shops, shop, uniq_psyche
Temple:   nicolae_temple_bog_church
Lair:1:   layout_regular_city, disabler_island, uniq_gastronok
Lair:2:   layout_regular_city, nicolae_spider_entry_non_spiders,
          serial_bayou_crossing
Lair:3:   nzn_winding_woodlands_stair_trap [nzn_winding_woodlands_5x15_garden,
          nzn_winding_woodlands_5x15_eye,
          nzn_winding_woodlands_5x15_pathside_ponds,
          nzn_winding_woodlands_15x15_thick_spiral,
          nzn_winding_woodlands_5x15_river_crossing,
          nzn_winding_woodlands_5x15_concentric,
          nzn_winding_woodlands_5x15_sawtooth], layout_gridlike,
          nicolae_swamp_entry_splash_gauntlet, portal_ice_cave_entry_pillars_1

Skill      XL: |  1  2  3  4  5  6  7  8  9 10 11 12 |
---------------+-------------------------------------+-----
Polearms       | 5 6 7 8 10 12 14 15 16 | 16.0
Invocations    | 1 3 5 6 8 |  8.4
Armour         | 2 3 4 5 |  5.8
Fighting       | 4 5 7 8 |  8.9
Dodging        | 6 7 9 11 | 11.0
Throwing       | 4 5 6 8 |  8.0

Action                     |  1- 3 |  4- 6 |  7- 9 | 10-12 || total
---------------------------+-------+-------+-------+-------++-------
  Melee: Trident           |    84 |   197 |   263 |    12 ||   556
         Punch             |       |       |     4 |       ||     4
         Tailslap          |       |       |     3 |       ||     3
         Halberd           |       |       |    95 |   554 ||   649
  Throw: Throwing net      |     2 |       |       |       ||     2
         Dart              |       |       |       |     5 ||     5
 Invoke: Minor Destruction |       |       |       |     6 ||     6
         Lesser Servant of |       |       |       |     3 ||     3
    Use: Scroll            |     2 |    12 |     9 |    11 ||    34
         Potion            |       |       |     1 |     3 ||     4
   Stab: Distracted        |       |       |       |     2 ||     2
         Invisible         |       |       |       |     1 ||     1
 Armour: Leather armour    |     2 |       |       |       ||     2
         Chain mail        |    22 |    91 |   111 |   166 ||   390
         Skin              |       |       |       |    35 ||    35
  Dodge: Dodged            |    29 |    76 |    86 |   189 ||   380
